 Dungeon Crawl Stone Soup version 0.29-a0-1006-g0dd7720b37 (webtiles) character file.

Game seed: 1587777020485276410

30 BritishOli the Trooper (level 3, 0/29 HPs)
             Began as a Demonspawn Fighter on Aug 6, 2022.
             Slain by Terence
             ... wielding a +3 mace of holy wrath
              (2 damage)
             ... on level 2 of the Dungeon.
             The game lasted 00:02:11 (1180 turns).

BritishOli the Trooper (Demonspawn Fighter)         Turns: 1180, Time: 00:02:11

Health: 0/29       AC:  6    Str: 18    XL:     3   Next: 3%
Magic:  3/3        EV:  9    Int:  9    God:
Gold:   58         SH:  8    Dex: 12    Spells: 2/2 levels left

rFire   . . .      SeeInvis .   a - +0 long sword
rCold   . . .      Faith    .   c - +0 buckler
rNeg    . . .      Spirit   .   b - +0 scale mail
rPois   .          Reflect  .   (no helmet)
rElec   .          Harm     .   (no cloak)
rCorr   .          Rampage  .   (no gloves)
Will    .....                   (no boots)
Stlth   ..........              (no amulet)
HPRegen 0.09/turn               (no ring)
MPRegen 0.08/turn               (no ring)

@: no status effects
A: demonic guardian 1, condensation shield
a: no special abilities


You were on level 2 of the Dungeon.
You visited 1 branch of the dungeon, and saw 2 of its levels.

You collected 58 gold pieces.

Inventory:

Hand Weapons
 a - a +0 long sword (weapon)
Missiles
 f - 5 javelins (quivered)
Armour
 b - a +0 scale mail (worn)
 c - a +0 buckler (worn)
Jewellery
 e - an amulet of faith
Scrolls
 g - 2 scrolls of teleportation {unknown}
 j - a scroll of acquirement {unknown}
 k - a scroll of brand weapon {unknown}
 l - a scroll of blinking {unknown}
 m - a scroll of enchant armour {unknown}
Potions
 d - 2 potions of might
 h - a potion of heal wounds {unknown}
 i - 2 potions of lignification {unknown}


   Skills:
 + Level 3.3 Fighting
 + Level 2.1 Long Blades
 + Level 3.0 Armour
 + Level 3.0 Shields


You had 2 spell levels left.
You didn't know any spells.
Your spell library contained the following spells:

 Spells                   Type           Power      Damage    Failure   Level
 Summon Small Mammal      Summ           0%         N/A       86%         1
 Call Canine Familiar     Summ           0%         N/A       99%         3
 Confusing Touch          Hex            0%         N/A       99%         3
 Summon Guardian Golem    Hex/Summ       0%         N/A       99%         3
 Yara's Violent Unravell  Hex/Tmut       0%         3d3       100%        5
 Enfeeble                 Hex            0%         N/A       100%        7


Dungeon Overview and Level Annotations

Branches:
Dungeon (2/15)

Altars:

Shops:
D:1 !=[[=

Annotations:
D:2 Terence


Innate Abilities, Weirdness & Mutations

A weak demonic guardian rushes to your aid.
A meltable shield of frost defends you. (SH +4)


Message History

The goblin closely misses you. You block the goblin's attack.
A goblin is nearby!
You hit the goblin.
The goblin is severely wounded.
The goblin hits you but does no damage.
A goblin is nearby!
You hit the goblin.
You kill the goblin!
You see here a +0 club.
You see here a +0 club.
Terence the Incautious comes into view.
He is wielding a +3 mace of holy wrath.
Terence shouts!
Found a potion of might.
Terence is nearby!
Terence closely misses you.
Terence is nearby!
You hit Terence but do no damage. You block Terence's attack.
Terence looks scornfully at you. Terence hits you but does no damage.
You barely miss Terence.
Terence hits you with a +3 mace of holy wrath.
You convulse.
You barely miss Terence. You block Terence's attack.
You hit Terence but do no damage.
Terence hits you with a +3 mace of holy wrath.
You convulse.
Terence hits you with a +3 mace of holy wrath!
* * * LOW HITPOINT WARNING * * *
A demonic guardian appears!
You convulse.
* * * LOW HITPOINT WARNING * * *
Your shadow imp hits Terence.
Your shadow imp hits Terence.
Terence attacks as you move away! You block Terence's attack.
Terence attacks as you move away! You block Terence's attack.
Terence says, "Time to say good-bye..."
Terence attacks as you move away! You block Terence's attack.
Your shadow imp disappears in a puff of smoke!
Terence attacks as you move away!
Terence hits you with a +3 mace of holy wrath.
You die...

##.###########..# ##[#.## #..#
..###.##### #<.# ..# ##....#
#.<# ..###.###.#####..######
.#.#.####.............# .##.##
#.........####.#
.##.####..........# #.#
.##.............@.# #)#
.#######..#####..@###.########
.. #..##.................# ..
#................####.# ..
#...#..#.....#.#.# #.# ...
#...#..........#.# #.#
................#.# #.#
#.#...#.#.......##.####.##
#...............###.......#


You could see Terence.

Vanquished Creatures
  2 worms (D:2)
  3 endoplasms
  A giant cockroach (D:1)
  2 goblins
  3 hobgoblins (D:1)
  A quokka (D:1)
  5 bats (D:1)
  2 frilled lizards
  3 rats (D:1)
22 creatures vanquished.

Notes
Turn   | Place    | Note
-------+----------+-------------------------------------------
     0 | D:1      | BritishOli the Demonspawn Fighter began the quest for the
                  | Orb.
     0 | D:1      | Reached XP level 1. HP: 18/18 MP: 1/1
   158 | D:1      | Found Ygan Ixt's Antique Armour Shoppe.
   253 | D:1      | Gained mutation: A weak demonic guardian rushes to your
                  | aid. [demonic ancestry]
   253 | D:1      | Reached XP level 2. HP: 6/24 MP: 2/2
   481 | D:1      | Found Wonapraj's One-of-a-Kind Rings.
   543 | D:1      | Found Xeud's Distillery.
   571 | D:1      | Found Onwurumm's Antique Armour Shoppe.
   850 | D:1      | Found Jyuvep's Jewellery Emporium.
  1068 | D:2      | Gained mutation: A meltable shield of frost defends you.
                  | (SH +4) [demonic ancestry]
  1068 | D:2      | Reached XP level 3. HP: 28/29 MP: 3/3
  1157 | D:2      | Noticed Terence
  1163 | D:2      | HP: 1/29 [Terence/+3 mace of holy wrath (3)]
  1180 | D:2      | Slain by Terence

Illustrated notes

Levels and vault maps discovered:
D:1:      minmay_arrival_doors, layout_rooms, serial_shops,
          nicolae_diamond_shop, nicolae_shop_crystal, shop, shop,
          minmay_misc_feat_columns, nicolae_shop_unique_rings,
          hangedman_decor_push, corner_web_ring
D:2:      layout_loops_ring, basic_altar, shapermc_ecumenical_altar_hornbeckon,
          uniq_terence, uniq_crazy_yiuf_cottage

Skill      XL: |  1  2 |
---------------+-------+-----
Long Blades    | 2 |  2.1
Armour         | 3 |  3.0
Shields        | 3 |  3.0
Fighting       | |  3.3

Action                   || total
-------------------------++-------
Melee: Long sword        ||    75
Armor: Scale mail        ||    24
Dodge: Dodged            ||    25
Block: Buckler           ||    19

Table legend: (Time is in decaauts)
 A = Elapsed time spent in this place.
 B = Non-inter-level travel time spent in this place.
 C = Inter-level travel time spent in this place.
 D = Time resting spent in this place.
 E = Time spent auto-exploring this place.
 F = Levels seen in this place.
 G = Mean time per level.
                   A        B        C        D        E       F      G
               +--------+--------+--------+--------+--------+-----+--------+
         Total |   1206 |   1194 |     12 |    220 |    751 |   2 |  603.0 |
       Dungeon |   1206 |   1194 |     12 |    220 |    751 |   2 |  603.0 |
               +--------+--------+--------+--------+--------+-----+--------+

Top non-repeatable levels by time:
     D:1: 903 daAuts
     D:2: 303 daAuts
